 Dungeon Crawl Stone Soup version 0.28-a0-726-g4a9143789a (webtiles) character file.

Game seed: 18325948234627372456

58 Sabo the Chopper (level 3, -2/28 HPs)
             Began as a Demonspawn Gladiator on Oct 27, 2021.
             Was a High Priest of Ignis.
             Slain by a gnoll (7 damage)
             ... on level 3 of the Dungeon.
             The game lasted 00:09:28 (2181 turns).

Sabo the Chopper (Demonspawn Gladiator)             Turns: 2181, Time: 00:09:29

Health: -2/28      AC:  5    Str: 15    XL:     3   Next: 75%
Magic:  0/3        EV: 11    Int:  9    God:    Ignis [*****.]
Gold:   126        SH:  3    Dex: 14    Spells: 2/2 levels left

rFire   + . .      SeeInvis .   a - +0 war axe
rCold   . . .      Faith    .   p - +0 buckler
rNeg    . . .      Spirit   +   b - +0 leather armour
rPois   .          Reflect  .   c - +0 helmet
rElec   .          Harm     .   i - +0 cloak
rCorr   .          Rampage  .   (no gloves)
Will    .....                   (no boots)
Stlth   +.........              (no amulet)
HPRegen 0.09/turn               n - ring of flight
MPRegen 0.16/turn               (no ring)

@: flying
A: magic shield, magic regeneration
a: Renounce Religion, Sea of Fire, Foxfire Swarm, Rising Flame


You were on level 3 of the Dungeon.
You worshipped Ignis.
Ignis was extremely pleased with you.
You visited 1 branch of the dungeon, and saw 3 of its levels.

You collected 126 gold pieces.

Inventory:

Hand Weapons
 a - a +0 war axe (weapon)
 o - a +0 hunting sling
Missiles
 d - 3 throwing nets (quivered)
 k - 12 sling bullets
Armour
 b - a +0 leather armour (worn)
 c - a +0 helmet (worn)
 i - a +0 cloak (worn)
 p - a +0 buckler (worn)
Jewellery
 h - an amulet of magic regeneration
 n - a ring of flight (left hand)
Scrolls
 l - a scroll of summoning
Potions
 e - 2 potions of curing
 g - a potion of berserk rage {unknown}
 j - a potion of invisibility {unknown}


   Skills:
 + Level 2.3 Fighting
 + Level 3.7 Axes
 + Level 1.8 Throwing
 + Level 0.8 Armour
 + Level 3.0 Dodging
 + Level 0.1 Stealth


You had 2 spell levels left.
You didn't know any spells.
Your spell library contained the following spells:

 Spells                   Type           Power      Damage    Failure   Level
 Tukima's Dance           Hex            0%         N/A       94%         3
 Passage of Golubria      Tloc           0%         N/A       100%        4
 Yara's Violent Unravell  Hex/Tmut       0%         3d3       100%        5


Dungeon Overview and Level Annotations

Branches:
Dungeon (3/15)

Altars:
Xom
Ignis


Innate Abilities, Weirdness & Mutations

When hurt, damage is shared between your health and your magic reserves.
You regenerate magic rapidly.


Message History

As you read the scroll of identify, it crumbles to dust.
m - a scroll of amnesia You drop a scroll of amnesia.
As you read the scroll of identify, it crumbles to dust.
e - 2 potions of curing
There is a stone staircase leading down here.
You fly downwards.
There is a stone staircase leading up here. 2 gnolls come into view.
A gnoll is wielding a +2 vorpal flail.
Found a bronze ring.
The gnoll shouts! x2
The gnoll moves out of view.
You hear a shout! 2 gnolls come into view.
The gnoll shouts! x2
The gnoll moves out of view.
You block the gnoll's attack.
You slash the gnoll!
The gnoll is severely wounded.
You block the gnoll's attack.
The gnoll hits you from afar with a +0 halberd!
You hit the gnoll but do no damage.
The gnoll is severely wounded.
The gnoll hits you with a +2 vorpal flail.
The gnoll misses you. The gnoll closely misses you.
You hit the gnoll.
The gnoll is severely wounded.
The gnoll closely misses you.
The gnoll hits you with a +2 vorpal flail.
* * * LOW HITPOINT WARNING * * *
You slash the gnoll!
You kill the gnoll!
The gnoll barely misses you. The gnoll closely misses you.
You see here a +2 vorpal flail.
You hit the gnoll but do no damage. The gnoll closely misses you.
You hit the gnoll but do no damage. You hit the gnoll.
The gnoll closely misses you. The gnoll hits you with a +0 flail.
* * * LOW HITPOINT WARNING * * *
The gnoll hits you with a +0 flail!
You die...

#####
.....
......
###......
#gg...=..
#@#..g...
#.# .....
#.# ###.
#.# #<#
###


You could see 2 gnolls.

Vanquished Creatures
  An adder (D:2)
  A gnoll (D:3)
  2 dart slugs
  7 endoplasms
  3 giant cockroaches
  4 goblins
  2 hobgoblins (D:1)
  3 ball pythons
  4 frilled lizards
  2 kobolds
  6 rats
35 creatures vanquished.

Notes
Turn   | Place    | Note
-------+----------+-------------------------------------------
     0 | D:1      | Sabo the Demonspawn Gladiator began the quest for the Orb.
     0 | D:1      | Reached XP level 1. HP: 16/16 MP: 1/1
   340 | D:1      | Gained mutation: You regenerate magic rapidly. [demonic
                  | ancestry]
   340 | D:1      | Reached XP level 2. HP: 18/22 MP: 2/2
  1161 | D:2      | Gained mutation: When hurt, damage is shared between your
                  | health and your magic reserves. [demonic ancestry]
  1161 | D:2      | Reached XP level 3. HP: 27/27 MP: 3/3
  1328 | D:2      | Found a shimmering altar of Xom.
  1995 | D:2      | Found a faded altar of an unknown god.
  2005 | D:2      | Prayed at the altar of an unknown god.
  2005 | D:2      | Became a worshipper of Ignis, the Dying Flame
  2181 | D:3      | Slain by a gnoll

Illustrated notes

Levels and vault maps discovered:
D:1:      amcnicky_arrival_flooded_fountain, layout_rooms,
          hangedman_decor_diamond_cutter, minivault_14, kennysheep_boxes
D:2:      layout_basic, basic_altar, ebering_ecumenical_altar_webs,
          minmay_misc_feat_square, minivault_11, kennysheep_path_1
D:3:      layout_basic, kiku_gazebo_pond_becter,
          nicolae_uskayaw_murder_on_the_dancefloor, lemuel_doored_altar,
          hellmonk_ghost_happy_afterlife, serial_shops, nicolae_lakefront_shop,
          uniq_natasha

Skill      XL: |  1  2  3 |
---------------+----------+-----
Axes           | 3 |  3.7
Dodging        | 3 |  3.0
Fighting       | |  2.3
Throwing       | |  1.8
Armour         | |  0.8
Stealth        | |  0.1

Action                   || total
-------------------------++-------
Melee: War axe           ||    92
  Use: Scroll            ||     3
Armor: Leather armour    ||    26
Dodge: Dodged            ||    69
Block: Buckler           ||     2

Table legend: (Time is in decaauts)
 A = Elapsed time spent in this place.
 B = Non-inter-level travel time spent in this place.
 C = Inter-level travel time spent in this place.
 D = Time resting spent in this place.
 E = Time spent auto-exploring this place.
 F = Levels seen in this place.
 G = Mean time per level.
                   A        B        C        D        E       F      G
               +--------+--------+--------+--------+--------+-----+--------+
         Total |   2210 |   2210 |      0 |    387 |      0 |   3 |  736.7 |
       Dungeon |   2210 |   2210 |      0 |    387 |      0 |   3 |  736.7 |
               +--------+--------+--------+--------+--------+-----+--------+

Top non-repeatable levels by time:
     D:2: 1204 daAuts
     D:1: 988 daAuts
     D:3: 17 daAuts
